 Dungeon Crawl Stone Soup version 0.28-a0-1074-g3cb2360906 (webtiles) character file.

Game seed: 5906129808120784386

289 Peloso the Slasher (level 6, 0/56 HPs)
             Began as a Minotaur Fighter on Dec 9, 2021.
             Slain by a quokka (2 damage)
             ... on level 4 of the Dungeon.
             The game lasted 00:04:09 (3078 turns).

Peloso the Slasher (Minotaur Fighter)               Turns: 3078, Time: 00:04:09

Health: 0/56       AC: 13    Str: 20    XL:     6   Next: 9%
Magic:  5/5        EV:  8    Int:  5    God:
Gold:   150        SH:  5    Dex: 12    Spells: 5/5 levels left

rFire   . . .      SeeInvis .   a - +0 long sword
rCold   . . .      Faith    .   c - +0 buckler
rNeg    . . .      Spirit   .   f - +0 chain mail
rPois   .          Reflect  .   (helmet restricted)
rElec   .          Harm     .   (no cloak)
rCorr   .          Rampage  .   (no gloves)
Will    .....                   (no boots)
Stlth   ..........              (no amulet)
HPRegen 0.18/turn               k - +4 ring of protection
MPRegen 0.09/turn               (no ring)

@: mighty
A: horns 2, retaliatory headbutt
a: no special abilities


You were on level 4 of the Dungeon.
You visited 1 branch of the dungeon, and saw 4 of its levels.

You collected 150 gold pieces.

Inventory:

Hand Weapons
 a - a +0 long sword (weapon)
Armour
 b - a +0 scale mail
 c - a +0 buckler (worn)
 f - a +0 chain mail (worn)
Jewellery
 i - a ring of wizardry
 k - a +4 ring of protection (left hand)
 l - a ring of ice
Wands
 p - a wand of charming (8)
Scrolls
 h - a scroll of torment {unknown}
 m - a scroll of amnesia {unknown}
 n - 2 scrolls of identify {unknown}
 o - a scroll of holy word {unknown}
 r - a scroll of fog {unknown}
 s - a scroll of magic mapping {unknown}
 t - a scroll of teleportation {unknown}
Potions
 e - a potion of lignification {unknown}
 g - a potion of ambrosia {unknown}
 j - 3 potions of attraction {unknown}
 q - a potion of heal wounds {unknown}


   Skills:
 + Level 5.2 Fighting
 + Level 5.2 Long Blades
 + Level 4.6 Armour
 + Level 1.3 Dodging
 + Level 4.4 Shields


You had 5 spell levels left.
You didn't know any spells.
Your spell library contained the following spells:

 Spells                   Type           Power      Damage    Failure   Level
 Sublimation of Blood     Necr           0%         N/A       100%        2
 Wereblood                Tmut           0%         N/A       100%        2
 Call Canine Familiar     Summ           0%         N/A       100%        3
 Inner Flame              Hex/Fire       0%         N/A       100%        3
 Portal Projectile        Hex/Tloc       0%         N/A       100%        3
 Cause Fear               Hex            0%         N/A       100%        4
 Leda's Liquefaction      Hex/Erth       0%         N/A       100%        4
 Summon Hydra             Summ           0%         N/A       100%        7
 Discord                  Hex            0%         N/A       100%        8


Dungeon Overview and Level Annotations

Branches:
Dungeon (4/15)
 Temple: D:4-7

Altars:
Yredelemnul

Shops:
D:4 [

Annotations:
D:4 3 runed translucent doors, generaletaddeo's ghost, weakling KoDe


Innate Abilities, Weirdness & Mutations

You have a pair of horns on your head.
You reflexively headbutt those who attack you in melee.


Message History

You hit the orc priest. You headbutt the orc priest!
You kill the orc priest!
You block the phantom's attack.
Your Fighting skill increases to level 5!
Unknown command.
You barely miss the phantom.
The phantom is heavily damaged.
The phantom hits you but does no damage.
You miss the phantom. You headbutt the phantom!
The phantom is almost destroyed.
The orc hits you but does no damage.
The phantom hits you but does no damage.
You closely miss the phantom.
The phantom is almost destroyed.
You block the orc's attack. You block the phantom's attack.
The orc hits you but does no damage.
You closely miss the phantom.
The phantom is almost destroyed.
You block the phantom's attack. The orc barely misses you.
You barely miss the phantom. Your headbutt misses the phantom.
The phantom is almost destroyed.
You block the phantom's attack. The orc hits you but does no damage.
The phantom hits you but does no damage.
You completely miss the phantom.
The phantom is almost destroyed.
The orc barely misses you. You block the phantom's attack.
You slice the phantom!!
You destroy the phantom!
The orc barely misses you. You furiously retaliate!
You headbutt the orc!
You kill the orc!
Your Long Blades skill increases to level 5!
You have reached level 6!
You closely miss the quokka.
The orc priest calls down the wrath of Beogh upon you.
Beogh smites you!
* * * LOW HITPOINT WARNING * * *
The quokka bites you.
* * * LOW HITPOINT WARNING * * *
You closely miss the quokka. The quokka bites you.
You die...

#... #. #.. #.# #o...
..# #.# #.##.##.#
#.####o##..#.#####
#.....).##.....>.## #
#.####..##.#......
#.##.)........##.#
#oor@#........##.####
#.####o..........##..
#..Wo.......#.##.##.#
#...o.∩.....#.##.....
#######.....#.#####.#
#.......#####.#
##...#####..... #...#
##.##.# #...# #......


You could see an orc priest, an orc and a quokka.

Vanquished Creatures
  A phantom (D:4)
  A bullfrog zombie (D:4)
  An orc priest (D:4)
  Ijyb (D:3)
  3 adders
  An ufetubus (D:4)
  An adder zombie (D:4)
  A worm (D:2)
  3 dart slugs
  5 orcs
  8 bats
  8 endoplasms
  4 giant cockroaches
  9 goblins
  10 hobgoblins
  A jackal (D:1)
  2 quokkas
  6 ball pythons
  4 frilled lizards
  6 kobolds
  5 rats
81 creatures vanquished.

Notes
Turn   | Place    | Note
-------+----------+-------------------------------------------
     0 | D:1      | Peloso the Minotaur Fighter began the quest for the Orb.
     0 | D:1      | Reached XP level 1. HP: 19/19 MP: 0/0
   240 | D:1      | Reached XP level 2. HP: 27/27 MP: 1/1
   796 | D:1      | Reached XP level 3. HP: 33/33 MP: 2/2
  1119 | D:2      | Found a faded altar of an unknown god.
  1262 | D:2      | Reached skill level 1 in Dodging
  1417 | D:2      | You fall into a shaft and drop 1 floor!
  1477 | D:3      | Reached XP level 4. HP: 40/40 MP: 3/3
  2177 | D:3      | Noticed Ijyb
  2196 | D:3      | Killed Ijyb
  2868 | D:4      | Found a runed translucent gate.
  2868 | D:4      | Found a runed translucent gate.
  2868 | D:4      | Found a runed translucent gate.
  2868 | D:4      | Noticed generaletaddeo's ghost (weakling KoDe)
  2870 | D:4      | Found a basalt altar of Yredelemnul.
  2878 | D:4      | Reached XP level 5. HP: 45/47 MP: 4/4
  3028 | D:4      | Found Bufihes's Armour Shoppe.
  3045 | D:4      | Noticed a phantom
  3070 | D:4      | Reached skill level 5 in Fighting
  3076 | D:4      | Killed a phantom
  3077 | D:4      | Reached skill level 5 in Long Blades
  3077 | D:4      | Reached XP level 6. HP: 18/56 MP: 5/5
  3077 | D:4      | HP: 2/56 [quokka (4)]
  3078 | D:4      | Slain by a quokka

Illustrated notes

Levels and vault maps discovered:
D:1:      pf_arrival_petrified_forest, layout_loops_corners, minmay_pentomino_x4
D:2:      layout_basic, basic_ecumenical_altar, kennysheep_flooded_box
D:3:      layout_loops_corners, uniq_ijyb
D:4:      layout_loops_cross, nicolae_yredelemnul_ghost_church,
          gammafunk_ghost_stat_death, serial_shops, shop

Skill      XL: |  1  2  3  4  5 |
---------------+----------------+-----
Fighting       | 4 5 |  5.2
Armour         | 4 |  4.6
Long Blades    | 3 4 5 |  5.2
Shields        | 4 |  4.4
Dodging        | 1 |  1.3

Action                   |  1- 3 |  4- 6 || total
-------------------------+-------+-------++-------
Melee: Long sword        |    85 |    95 ||   180
       Headbutt          |    18 |    21 ||    39
  Use: Potion            |       |     1 ||     1
Armor: Scale mail        |    11 |       ||    11
       Chain mail        |    60 |    45 ||   105
Dodge: Dodged            |    29 |    35 ||    64
Block: Buckler           |    20 |    31 ||    51

Table legend: (Time is in decaauts)
 A = Elapsed time spent in this place.
 B = Non-inter-level travel time spent in this place.
 C = Inter-level travel time spent in this place.
 D = Time resting spent in this place.
 E = Time spent auto-exploring this place.
 F = Levels seen in this place.
 G = Mean time per level.
                   A        B        C        D        E       F      G
               +--------+--------+--------+--------+--------+-----+--------+
         Total |   3115 |   3077 |     38 |      0 |   2460 |   4 |  778.8 |
       Dungeon |   3115 |   3077 |     38 |      0 |   2460 |   4 |  778.8 |
               +--------+--------+--------+--------+--------+-----+--------+

Top non-repeatable levels by time:
     D:3: 1071 daAuts
     D:1: 937 daAuts
     D:2: 765 daAuts
     D:4: 341 daAuts
